 Dungeon Crawl Stone Soup version 0.21.1-1-g345015fe64 (webtiles) character file.

2428 Oravi the Slicer (level 9, -3/82 HPs)
             Began as a Halfling Fighter on Apr 10, 2018.
             Was a Follower of Okawaru.
             Slain by an ogre
             ... wielding a +0 giant spiked club
              (26 damage)
             ... on level 8 of the Dungeon.
             The game lasted 00:27:04 (8588 turns).

Oravi the Slicer (Halfling Fighter)                 Turns: 8588, Time: 00:27:05

Health: -3/82      AC:  6    Str: 22    XL:     9   Next: 77%
Magic:  0/9        EV: 13    Int:  6    God:    Okawaru [*.....]
Gold:   413        SH: 11    Dex: 17    Spells: 8/8 levels left

rFire    . . .     SeeInvis +   a - +1 rapier
rCold    + . .     Gourm    .   c - +0 shield
rNeg     . . .     Faith    .   h - +2 leather armour {rC+}
rPois    .         Spirit   +   (no helmet)
rElec    .         Reflect  .   r - +0 cloak
rCorr    .         Harm     .   (no gloves)
MR       +....                  (no boots)
Stlth    ..........             o - amulet of guardian spirit
HPRegen  0.23/turn              k - ring of see invisible
MPRegen  0.11/turn              p - ring of protection from magic

@: berserking, lethally poisoned (-3 -> -6), drained, very quick
A: small, mutation resistance 1
a: Heroism, Renounce Religion


You were on level 8 of the Dungeon.
You worshipped Okawaru.
Okawaru was aware of your devotion.
You were not hungry.

You visited 2 branches of the dungeon, and saw 9 of its levels.

You collected 413 gold pieces.

Inventory:

Hand Weapons
 a - a +1 rapier (weapon)
 b - a +0 hunting sling
 B - a +0 dagger of freezing
Missiles
 j - 79 sling bullets
 m - 214 stones (quivered)
Armour
 c - a +0 shield (worn)
 h - a +2 leather armour of cold resistance (worn)
 r - a +0 cloak (worn)
 w - a +0 scale mail
Jewellery
 k - a ring of see invisible (left hand)
 o - an amulet of guardian spirit (around neck)
 p - a ring of protection from magic (right hand)
 y - an uncursed ring of protection from cold
Wands
 x - a wand of digging (17)
 A - a wand of random effects (23)
Scrolls
 d - a scroll of magic mapping {unknown}
 e - a scroll of acquirement {unknown}
 g - 7 scrolls of teleportation
 l - a scroll of enchant weapon
 n - 2 scrolls of blinking {unknown}
 q - a scroll of enchant armour {unknown}
 s - 2 scrolls of fear {unknown}
 t - a scroll of remove curse
 u - 4 scrolls of identify
Comestibles
 f - 16 rations
 i - 3 chunks of flesh


   Skills:
 - Level 2.6(1.9) Fighting
 + Level 12.4(11.4) Short Blades
 + Level 1.7(1.0) Slings
 + Level 4.8(3.9) Armour
 + Level 3.3(2.5) Dodging
 + Level 5.9(5.1) Shields


You had 8 spell levels left.
You didn't know any spells.

Dungeon Overview and Level Annotations

Branches:
Dungeon (8/15)             Temple (1/1) D:7
   Lair: D:8-11

Altars:
Ashenzari
Cheibriados
Dithmenos
Elyvilon
Fedhas
Gozag
Kikubaaqudgha
Makhleb
Nemelex Xobeh
Okawaru
Qazlal
Ru
Sif Muna
Trog
Uskayaw
Wu Jian
Xom

Annotations:
D:6 1 runed door


Innate Abilities, Weirdness & Mutations

You are small and have problems with some larger weapons.
You are somewhat resistant to further mutation.


Message History

The killer bee closely misses you. The killer bee misses you.
You miss the killer bee.
The killer bee is almost dead.
The killer bee stings you.
You are poisoned.
The killer bee poisons you!
You hit the killer bee but do no damage.
The killer bee is almost dead.
You feel sick. The killer bee closely misses you.
The killer bee barely misses you.
You closely miss the killer bee.
The killer bee is almost dead.
You feel sick. You block the killer bee's attack.
You puncture the killer bee!
You kill the killer bee!
Okawaru accepts your kill.
A red film seems to cover your vision as you go berserk!
You feel yourself moving faster!
You feel mighty!
You feel sick.
The ogre hits you with a giant spiked club!!
You die...

######
......
....###
.... #.##
#@.#
......O#.#
#...(#(#.#
#.. ####
#.#.# #..
#.###
#(#.##
#..##.#..
#(#..#
#..##.#.#
#.##.##
#..##.#.#
#. #..#
#..##.#)#
##.#
#..##.#.#


You could see an ogre.

Vanquished Creatures
  The ghost of YetiFiasco the Skirmisher, an amateur MiBe of Trog (D:4)
  A hippogriff (D:7)
  An orc warrior (D:7)
  A sky beast (D:6)
  A phantom (D:6)
  An ice beast (D:5)
  2 necrophages (D:7)
  An ogre (D:5)
  A centaur (D:6)
  A water moccasin zombie (D:3)
  A scorpion (D:6)
  3 killer bees (D:8)
  2 wights (D:7)
  A howler monkey (D:4)
  2 crimson imps
  A jelly (D:6)
  5 hounds
  3 orc priests
  A bullfrog skeleton (D:6)
  2 centaur skeletons
  Ijyb (D:3)
  7 orc wizards
  A worker ant (D:5)
  A hound skeleton (D:4)
  A worker ant zombie (D:6)
  8 adders
  3 gnolls (D:3)
  An adder skeleton (D:5)
  2 worms
  3 dart slugs (D:1)
  5 leopard geckos
  38 orcs
  2 ball pythons
  8 giant cockroaches
  11 goblins
  15 hobgoblins
  11 jackals
  8 kobolds
  4 quokkas
  5 bats
  4 frilled lizards
  A jackal skeleton (D:4)
  A jackal zombie (D:3)
  2 leopard gecko skeletons
  6 rats
181 creatures vanquished.

Notes
Turn   | Place    | Note
-------+----------+-------------------------------------------
     0 | D:1      | Oravi the Halfling Fighter began the quest for the Orb.
     0 | D:1      | Reached XP level 1. HP: 15/15 MP: 1/1
   135 | D:1      | Reached skill level 3 in Short Blades
   140 | D:1      | Reached XP level 2. HP: 20/20 MP: 2/2
   449 | D:1      | Reached skill level 4 in Short Blades
   449 | D:1      | Reached XP level 3. HP: 19/25 MP: 3/3
  1220 | D:2      | Reached XP level 4. HP: 30/30 MP: 4/4
  1851 | D:3      | Reached skill level 5 in Short Blades
  2041 | D:3      | Reached XP level 5. HP: 35/35 MP: 5/5
  2135 | D:3      | Reached skill level 6 in Short Blades
  2474 | D:3      | Found an ornate altar of the Wu Jian Council.
  2570 | D:3      | Reached XP level 6. HP: 39/41 MP: 4/6
  2617 | D:3      | Noticed Ijyb
  2632 | D:3      | Killed Ijyb
  2632 | D:3      | Reached skill level 7 in Short Blades
  3093 | D:4      | Reached skill level 8 in Short Blades
  3396 | D:4      | Found an ancient bone altar of Kikubaaqudgha.
  3401 | D:4      | Reached XP level 7. HP: 44/45 MP: 5/7
  3438 | D:4      | Noticed YetiFiasco's ghost (amateur MiBe)
  3455 | D:4      | Killed YetiFiasco's ghost
  3455 | D:4      | Reached skill level 9 in Short Blades
  3767 | D:4      | Reached skill level 10 in Short Blades
  4228 | D:5      | Entered Level 5 of the Dungeon
  4258 | D:5      | Reached XP level 8. HP: 51/51 MP: 8/8
  4822 | D:5      | Found a sacrificial altar of Ru.
  4824 | D:5      | Reached skill level 11 in Short Blades
  4824 | D:5      | Reached skill level 1 in Dodging
  5904 | D:6      | Reached XP level 9. HP: 16/55 MP: 3/9
  6256 | D:6      | Reached skill level 5 in Shields
  6525 | D:6      | Found a runed door.
  6950 | D:7      | Found a staircase to the Ecumenical Temple.
  6962 | Temple   | Entered the Ecumenical Temple
  6987 | Temple   | Became a worshipper of Warmaster Okawaru
  7179 | D:7      | Reached skill level 12 in Short Blades
  7913 | D:7      | Noticed a hippogriff
  7919 | D:7      | Reached skill level 1 in Slings
  7929 | D:7      | Killed a hippogriff
  7929 | D:7      | Reached * piety under Okawaru
  8455 | D:8      | Found a burning altar of Makhleb.
  8588 | D:8      | Slain by an ogre

Skill      XL: |  1  2  3  4  5  6  7  8  9 |
---------------+----------------------------+-----
Short Blades   | 3 4 5 6 8 10 11 12 | 12.4
Dodging        | 2 3 |  3.3
Shields        | 4 5 |  5.9
Armour         | 4 |  4.8
Slings         | 1 |  1.7
Fighting       | |  2.6

Action                   |  1- 3 |  4- 6 |  7- 9 || total
-------------------------+-------+-------+-------++-------
Melee: Rapier            |   122 |   266 |   481 ||   869
       Dagger            |       |       |    38 ||    38
 Fire: Hunting sling     |       |       |    12 ||    12
  Use: Scroll            |     4 |     1 |     6 ||    11
       Potion            |       |       |     8 ||     8
 Stab: Paralysed         |       |       |     1 ||     1
  Eat: Chunk             |     1 |     7 |    10 ||    18
       Ration            |       |       |     2 ||     2
Armor: Scale mail        |    43 |    69 |    25 ||   137
       Skin              |       |       |     7 ||     7
       Leather armour    |       |       |    47 ||    47
Dodge: Dodged            |    40 |    51 |   111 ||   202
Block: Shield            |    42 |    94 |   179 ||   315
